 Dungeon Crawl Stone Soup version 0.31-a0-963-ga325b2283a (webtiles) character file.

Game seed: 2859028864659851676

156 Azuregosa the Trooper (level 4, -4/40 HPs)
             Began as a Demigod Artificer on Oct 24, 2023.
             Slain by a gnoll
             ... wielding a +0 whip
              (5 damage)
             ... on level 5 of the Dungeon.
             The game lasted 00:10:48 (2308 turns).

Azuregosa the Trooper (Demigod Artificer)           Turns: 2308, Time: 00:10:48

Health: -4/40      AC:  9    Str: 17    XL:     4   Next: 91%
Magic:  6/6        EV:  7    Int: 13    God:
Gold:   93         SH:  0    Dex: 14    Spells: 3/3 levels left

rFire   . . .        y - +2 hammer (heavy)
rCold   . . .        (no shield)
rNeg    . . .        q - +0 chain mail
rPois   .            (no helmet)
rElec   .            x - +0 cloak
rCorr   .            (no gloves)
SInv    .            (no boots)
Will    .....        (no amulet) Stlth
                     (no ring)
HPRegen 0.26/turn    (no ring)
MPRegen 0.10/turn

%: no passive effects
@: no status effects
A: high MP 1, forlorn, divine attributes
a: no special abilities


You were on level 5 of the Dungeon.
You visited 1 branch of the dungeon, and saw 4 of its levels.

You collected 93 gold pieces.

Inventory:

Hand Weapons
 a - a +0 club
 f - a +0 short sword
 i - a +0 mace
 j - a +1 whip of electrocution
 o - a +0 great mace
 w - a +4 quarterstaff of chaos
 y - a +2 heavy hammer (weapon)
 z - a +2 long sword of holy wrath
Missiles
 h - 28 stones
 p - 4 javelins
Armour
 b - a +0 leather armour
 q - a +0 chain mail (worn)
 x - a +0 cloak (worn)
Jewellery
 g - an amulet of regeneration
 u - a ring of see invisible
Talismans
 B - a storm talisman
Wands
 c - a wand of flame (14) (quivered)
 d - a wand of charming (13)
 e - a wand of iceblast (5)
Scrolls
 l - a scroll of vulnerability {unknown}
 m - a scroll of immolation {unknown}
 r - 3 scrolls of identify {unknown}
 t - a scroll of noise {unknown}
 A - a scroll of teleportation {unknown}
 C - a scroll of amnesia {unknown}
Potions
 k - a potion of mutation {unknown}
 n - a potion of curing {unknown}
 s - a potion of magic {unknown}
 v - a potion of degeneration {unknown}


   Skills:
 + Level 3.6 Fighting
 + Level 2.4 Maces & Flails
 - Level 1.7 Armour
 - Level 0.8 Dodging
 - Level 0.8 Stealth
 - Level 2.6 Evocations


You had 3 spell levels left.
You didn't know any spells.
Your spell library was empty.

Dungeon Overview and Level Annotations

Branches:
Dungeon (3/15)

Shops:
D:1 !

Annotations:
D:3 3 runed translucent doors, bmj180's ghost, amateur HuCj


Innate Abilities, Weirdness & Mutations

You have an increased reservoir of magic. (+10% MP)
You shall have no god before yourself.
Your divine heritage dramatically boosts your attributes as you level up.


Message History

h - 28 stones (gained 6)
A malevolent force fills the Dungeon...
You fall into a shaft and drop 2 floors!
The shaft crumbles and collapses.
A gnoll comes into view. It is wielding a +0 halberd.
The gnoll shouts!
A gnoll comes into view. It is wielding a +0 spear.
The gnoll shouts!
You hear a shout!
A gnoll comes into view. It is wielding a +0 whip.
You hit the gnoll.
The gnoll is moderately wounded.
The gnoll hits you with a +0 halberd. The gnoll hits you but does no damage.
You hit the gnoll.
The gnoll is heavily wounded.
The gnoll hits you with a +0 halberd. The gnoll hits you but does no damage.
You closely miss the gnoll.
The gnoll hits you from afar with a +0 halberd!
The gnoll hits you from afar with a +0 spear.
The gnoll hits you with a +0 whip.
The gnoll hits you from afar with a +0 halberd.
You barely miss the gnoll.
The gnoll hits you from afar with a +0 spear.
The gnoll hits you with a +0 whip.
The gnoll hits you but does no damage. x2
The gnoll hits you from afar with a +0 spear.
* * * LOW HITPOINT WARNING * * *
The gnoll completely misses you.
You hit the gnoll.
The gnoll is lightly wounded.
The gnoll hits you from afar with a +0 spear.
* * * LOW HITPOINT WARNING * * *
The gnoll hits you with a +0 whip.
* * * LOW HITPOINT WARNING * * *
The gnoll completely misses you. The gnoll hits you with a +0 whip.
* * * LOW HITPOINT WARNING * * *
The gnoll hits you but does no damage. The gnoll barely misses you.
Aiming: Charm
Press: ? - help, Shift-Dir - straight line, f - gnoll
Aim: a gnoll, wielding a +0 whip (lightly wounded, chance to affect: 64%)
The gnoll struggles to resist.
The gnoll hits you with a +0 whip.
You die...

## #.# ..
####. #...####
#..@gg#
#.###g###
##.###...#####
#.............
#...######.###
.... .. ###.
.. #. .


You could see 3 gnolls.

Vanquished Creatures
  Crazy Yiuf (D:2)
  7 adders
  2 dart slugs
  An orc (D:3)
  3 endoplasms
  A giant cockroach (D:1)
  7 goblins
  6 hobgoblins
  3 jackals (D:1)
  7 kobolds
  2 quokkas (D:2)
  4 ball pythons
  6 bats
  5 frilled lizards
  4 rats
59 creatures vanquished.

Notes
Turn   | Place    | Note
-------+----------+-------------------------------------------
     0 | D:1      | Azuregosa the Demigod Artificer began the quest for the
                  | Orb.
     0 | D:1      | Reached XP level 1. HP: 15/15 MP: 3/3
    26 | D:1      | Reached skill level 1 in Fighting
   200 | D:1      | Reached skill level 2 in Fighting
   200 | D:1      | Reached XP level 2. HP: 24/24 MP: 4/4
   210 | D:1      | Found Wohivvel's Distillery.
   907 | D:2      | Reached XP level 3. HP: 27/30 MP: 5/5
   994 | D:2      | Reached skill level 1 in Maces & Flails
  1020 | D:2      | Reached skill level 3 in Fighting
  1207 | D:2      | Found a runed translucent door.
  1208 | D:2      | Noticed Crazy Yiuf
  1394 | D:2      | Reached XP level 4. HP: 38/38 MP: 6/6
  1901 | D:2      | Your ally Crazy Yiuf died
  2080 | D:3      | Found a runed translucent gate.
  2080 | D:3      | Found a runed translucent gate.
  2080 | D:3      | Found a runed translucent gate.
  2174 | D:3      | Noticed bmj180's ghost (amateur HuCj)
  2294 | D:3      | You fall into a shaft and drop 2 floors!
  2294 | D:5      | Entered Level 5 of the Dungeon
  2307 | D:5      | HP: 1/40 [gnoll/+0 whip (4)]
  2308 | D:5      | Slain by a gnoll

Illustrated notes

Levels and vault maps discovered:
D:1:      erik_arrival_triangle_medium, layout_loops_ring,
          shapermc_ecumenical_altar_pompeii, serial_shops, shop
D:2:      layout_basic, nicolae_elevator_lobby_plus, uniq_crazy_yiuf_cottage
D:3:      layout_rooms, mainiacjoe_overflow_concentric_impassable,
          lemuel_coloured_pillars_altar, vehumet_altar_wand_db,
          trog_three_pillars_becter, grunt_dithmenos_smoke, gammafunk_ghost_icy,
          minmay_misc_feat_diagonals, hangedman_abyss_or_decor_lesser_grid
D:5:      layout_rooms, worldfamousw_hep_ancestral_shrine,
          pdpol_wu_jian_five_deadly_venoms, minmay_temple_entry_water_ring,
          serial_shops, shop, nicolae_shop_behind_doors, nicolae_shop_trees,
          shop, minmay_small_thing, uniq_eustachio

Skill      XL: |  1  2  3  4 |
---------------+-------------+-----
Fighting       | 2 3 |  3.6
Maces & Flails | 1 2 |  2.4
Armour         | |  1.7
Dodging        | |  0.8
Stealth        | |  0.8
Evocations     | |  2.6

Action                     |  1- 3 |  4- 6 || total
---------------------------+-------+-------++-------
  Melee: Club              |    14 |       ||    14
         Mace              |     8 |    22 ||    30
         Whip              |    23 |       ||    23
         Great mace        |   101 |    52 ||   153
  Evoke: Wand              |       |     3 ||     3
   Stab: Sleeping          |     1 |       ||     1
 Armour: Leather armour    |    25 |       ||    25
         Chain mail        |   117 |   110 ||   227
  Dodge: Dodged            |    79 |    40 ||   119

Table legend: (Time is in decaauts)
 A = Elapsed time spent in this place.
 B = Non-inter-level travel time spent in this place.
 C = Inter-level travel time spent in this place.
 D = Time resting spent in this place.
 E = Time spent auto-exploring this place.
 F = Levels seen in this place.
 G = Mean time per level.
                   A        B        C        D        E       F      G
               +--------+--------+--------+--------+--------+-----+--------+
         Total |   2433 |   2340 |     93 |    408 |   1178 |   4 |  608.2 |
       Dungeon |   2433 |   2340 |     93 |    408 |   1178 |   4 |  608.2 |
               +--------+--------+--------+--------+--------+-----+--------+

Top non-repeatable levels by time:
     D:2: 1282 daAuts
     D:1: 902 daAuts
     D:3: 229 daAuts
     D:5: 18 daAuts
